 Dungeon Crawl Stone Soup version 0.30-a0-918-g0ff054e9dc (webtiles) character file.

Game seed: 15314664168992511778

345596 oldriver the Scorcher (level 21, -17/194 HPs)
             Began as a Yellow Draconian Ice Elementalist on Mar 17, 2023.
             Was the Champion of Vehumet.
             Killed from afar by a storm dragon (33 damage)
             ... with a bolt of lightning
             ... on level 2 of the Depths on Mar 20, 2023.
             The game lasted 02:22:01 (60478 turns).

oldriver the Scorcher (DrIE)                       Turns: 60478, Time: 02:22:02

Health: -17/194    AC: 26    Str: 20    XL:     21   Next: 17%
Magic:  5/43       EV: 17    Int: 30    God:    Vehumet [******]
Gold:   1689       SH:  7    Dex: 16    Spells: 7/57 levels left

rFire   + + +      SeeInvis +    V - staff of fire "Wysanom" {Drain rF+ rC++ rN+ SInv}
rCold   + . .      Faith    .    Y - +2 buckler {rF+}
rNeg    + . .      Spirit   .    (body armour unavailable)
rPois   +          Reflect  .    q - +2 hat {Will+}
rElec   .          Rampage  .    j - +2 cloak
rCorr   +                        v - +2 pair of gloves {Str+3}
Will    ++...                    u - +2 pair of boots
Stlth   ++++                     e - amulet of magic regeneration
HPRegen 0.52/turn                y - ring "Fyzyt" {+Blink Int+6 Dex+6 Stlth+}
MPRegen 0.68/turn                B - ring "Unueceut" {rPois rF+++ rC- AC+4 SInv}

@: no status effects
A: spit acid, AC +11, unfitting armour, acidic bite, cold-blooded, acid
resistance, strong 1, heat vulnerability 1
}: 2/15 runes: barnacled, gossamer
a: Breathe Acid, Renounce Religion, Evoke Blink


You were on level 2 of the Depths.
You worshipped Vehumet.
Vehumet was exalted by your worship.
You visited 8 branches of the dungeon, and saw 37 of its levels.
You also visited: Sewer, Ossuary and Desolation.

You collected 4841 gold pieces.
You spent 3152 gold pieces at shops.

Inventory:

Hand Weapons
 U - the +6 mace of Death's Door {freeze, rC+ Will+}
   (You found it on level 2 of the Spider Nest)

   rC:        It protects you from cold.
   Will:      It increases your willpower.
Missiles
 x - 50 poisoned darts
 A - 15 throwing nets
Armour
 j - a +2 cloak (worn)
 q - a +2 hat of willpower (worn)
 u - a +2 pair of boots (worn)
 v - a +2 pair of gloves of strength (worn)
 Y - a +2 buckler of fire resistance (worn)
Magical Staves
 V - the staff of fire "Wysanom" (weapon) {Drain rF+ rC++ rN+ SInv}
   (You acquired it on level 1 of the Shoals)

   [staff of fire]

   Base accuracy: +5 Base damage: 5 Base attack delay: 1.2 This weapon's minimum
   attack delay (0.6) is reached at skill level 12.
   It falls into the 'Staves' category.
   It is a one-handed weapon.
Jewellery
 d - the ring of Equivalence {rPois Str+3 Dex+4}
   (You acquired it on level 1 of the Dungeon)

   [ring of poison resistance]

   Str:       It affects your strength (+3).
   Dex:       It affects your dexterity (+4).
   rPois:     It protects you from poison.
 e - an amulet of magic regeneration (around neck)
 y - the ring "Fyzyt" (left hand) {+Blink Int+6 Dex+6 Stlth+}
   (You bought it in a shop on level 2 of the Orcish Mines)

   [ring of dexterity]

   Int:       It affects your intelligence (+6).
   Dex:       It affects your dexterity (+6).
   +Blink:    It lets you blink.
   Stlth:     It makes you more stealthy.
 B - the ring "Unueceut" (right hand) {rPois rF+++ rC- AC+4 SInv}
   (You bought it in a shop on level 1 of the Depths)

   [ring of protection]

   AC:        It affects your AC (+4).
   rF:        It renders you almost immune to fire.
   rC:        It makes you vulnerable to cold.
   rPois:     It protects you from poison.
   SInv:      It lets you see invisible.
 Z - the ring "Plog" {Fire Will+ rCorr}
   (You found it on level 3 of the Shoals)

   [ring of fire]

   It enhances your fire magic.
   rF:        It protects you from fire.
   rC:        It makes you vulnerable to cold.
   rCorr:     It protects you from acid and corrosion.
   Will:      It increases your willpower.
Wands
 m - a wand of roots (19)
 r - a wand of polymorph (7)
 s - a wand of flame (40)
 H - a wand of quicksilver (10)
 M - a wand of paralysis (35)
 Q - a wand of digging (3)
 T - a wand of mindburst (23)
Scrolls
 k - 6 scrolls of blinking
 n - a scroll of brand weapon
 o - 2 scrolls of amnesia
 D - 6 scrolls of fear
 F - 9 scrolls of magic mapping
 I - 3 scrolls of butterflies
 J - 6 scrolls of poison
 L - 2 scrolls of fog
 O - 11 scrolls of teleportation
Potions
 a - 7 potions of magic
 c - 6 potions of resistance
 g - a potion of berserk rage
 h - 11 potions of curing
 i - 13 potions of haste
 p - 4 potions of ambrosia
 t - 6 potions of brilliance
 w - 6 potions of flight
 z - 7 potions of heal wounds
 G - 3 potions of cancellation
 K - a potion of invisibility
 P - 6 potions of might
 S - a potion of mutation
Miscellaneous
 b - a condenser vane (inert)
 f - a box of beasts
 l - a lightning rod (4/4)
 R - a phantom mirror (inert)
 X - a tin of tremorstones (2/2)


   Skills:
 - Level 18.0 Fighting
 - Level 10.0 Dodging
 - Level 4.0 Stealth
 - Level 5.0 Shields
 + Level 18.5 Spellcasting
 + Level 13.0 Conjurations
 + Level 19.8 Fire Magic
 + Level 8.5 Ice Magic
 - Level 6.0 Poison Magic
 - Level 12.0 Evocations


You had 7 spell levels left.
You knew the following spells:

 Your Spells              Type           Power      Damage    Failure   Level
a - Plasma Beam           Fire/Air       46%        2x1d66    1%          5
b - Iskenderun's Mystic   Conj/Tloc      61%        2d13      1%          4
d - Irradiate             Conj/Tmut      30%        3d21      1%          5
f - Fireball              Conj/Fire      56%        3d22      1%          5
i - Ignition              Fire           60%        3d16      1%          8
o - Orb of Destruction    Conj           41%        9d11      2%          7
r - Ozocubu's Refrigerat  Ice            34%        4d15      13%         7
s - Fire Storm            Conj/Fire      56%        8d14      45%         9

Your spell library contained the following spells:

 Spells                   Type           Power      Damage    Failure   Level
 Chain Lightning          Conj/Air       30%        3d40      100%        9
 Shatter                  Erth           13%        3d14*     100%        9
 Magic Dart               Conj           100%       1d8       0%          1
 Searing Ray              Conj           100%       2d8       0%          2
 Flame Wave               Conj/Fire      100%       2d21      0%          4
 Sticky Flame             Conj/Fire      100%       2d11      0%          4
 Freeze                   Ice            100%       1d10      1%          1
 Slow                     Hex            100%       N/A       1%          1
 Summon Small Mammal      Summ           100%       N/A       1%          1
 Ensorcelled Hibernation  Hex/Ice        100%       N/A       1%          2
 Momentum Strike          Conj/Tloc      100%       3d10      1%          2
 Dazzling Flash           Conj/Hex       100%       N/A       1%          3
 Frozen Ramparts          Ice            100%       1d16      1%          3
 Hailstorm                Conj/Ice       75%        3d15      1%          3
 Ignite Poison            Fire/Tmut/Pois 87%        N/A       1%          3
 Inner Flame              Hex/Fire       92%        N/A       1%          3
 Kindle Blastsparks       Fire/Tloc/Air  100%       2d18      1%          3
 Ozocubu's Armour         Ice            68%        N/A       1%          3
 Stone Arrow              Conj/Erth      100%       3d13      1%          3
 Fulminant Prism          Conj/Hex       30%        3d15      1%          4
 Olgreb's Toxic Radiance  Pois           59%        N/A       1%          4
 Iskenderun's Battlesphe  Conj           82%        2d13      1%          5
 Lightning Bolt           Conj/Air       30%        1d47      1%          5
 Starburst                Conj/Fire      56%        6d15      1%          6
 Passwall                 Tmut/Erth      22%        N/A       2%          2
 Ice Form                 Ice/Tmut       52%        N/A       3%          4
 Summon Ice Beast         Ice/Summ       52%        N/A       3%          4
 Call Canine Familiar     Summ           27%        N/A       5%          3
 Confusing Touch          Hex            27%        N/A       5%          3
 Gell's Gravitas          Tloc           27%        N/A       5%          3
 Summon Guardian Golem    Hex/Summ       27%        N/A       5%          3
 Swiftness                Air            27%        N/A       5%          3
 Tukima's Dance           Hex            27%        N/A       5%          3
 Airstrike                Air            13%        2d(2-18)  5%          4
 Conjure Ball Lightning   Conj/Air       30%        3x3d10    5%          6
 Iron Shot                Conj/Erth      30%        9d6       5%          6
 Lee's Rapid Deconstruct  Erth           13%        3d9*      13%         5
 Yara's Violent Unravell  Hex/Tmut       13%        3d7       13%         5
 Alistair's Intoxication  Tmut/Pois      30%        N/A       16%         5
 Anguish                  Hex/Necr       13%        N/A       19%         4
 Animate Dead             Necr           27%        N/A       19%         4
 Cause Fear               Hex            13%        N/A       19%         4
 Manifold Assault         Tloc           27%        N/A       19%         4
 Summon Lightning Spire   Summ/Air       27%        N/A       19%         4
 Eringya's Noxious Bog    Tmut/Pois      22%        N/A       21%         6
 Agony                    Necr           27%        N/A       45%         5
 Blade Hands              Tmut           13%        N/A       45%         5
 Borgnjor's Vile Clutch   Necr/Erth      13%        N/A       45%         5
 Silence                  Hex/Air        13%        N/A       45%         5
 Summon Forest            Summ/Tloc      13%        N/A       45%         5
 Simulacrum               Ice/Necr       26%        N/A       45%         6
 Enfeeble                 Hex            13%        N/A       100%        7
 Haunt                    Necr/Summ      13%        N/A       100%        7
 Lehudib's Crystal Spear  Conj/Erth      30%        10d8      87%         8
 Discord                  Hex            13%        N/A       100%        8
 Infestation              Necr           13%        N/A       100%        8
 Animate Armour           Summ/Erth      Unusable   N/A       N/A         4

Dungeon Overview and Level Annotations

Branches:
Dungeon (15/15)            Temple (1/1) D:4            Lair (5/5) D:10
 Shoals (4/4) Lair:3       Spider (4/4) Lair:2        Slime (0/5) Lair:4
    Orc (2/2) D:12            Elf (0/3) Orc:2        Vaults (4/5) D:14
  Crypt (0/3) Vaults:3     Depths (2/4) D:15          Sewer (visited)
Ossuary (visited)         Desolation (visited)

Altars:
Ashenzari
Cheibriados
Dithmenos
Elyvilon
Fedhas
Gozag
Hepliaklqana
Kikubaaqudgha
Makhleb
Nemelex Xobeh
Okawaru
Qazlal
Ru
Sif Muna
Trog
Uskayaw
Vehumet
Wu Jian
Xom
Yredelemnul
Zin
The Shining One

Shops:
D:1 *   D:8 ([(   D:12 (   D:15 *   Orc:2 [[=***:   Shoals:2 (*(?*   Vaults:1 [
Vaults:3 !   Depths:1 :==

Portals:
Hell: Depths:1
Abyss: Depths:1
Pandemonium: Orc:2
Ziggurat: Depths:2

Annotations:
D:6 1 runed translucent door, Crazy Yiuf
D:11 3 runed translucent doors, petzl's ghost, novice FoDe
D:13 1 runed translucent door
Lair:5 3 runed translucent doors, exclusion: oklob plant, Jackthecabe's ghost, journeyman KoHs
Spider:1 1 runed translucent door, demibob's ghost, adept HOWn
Spider:3 Mara


Innate Abilities, Weirdness & Mutations

You can spit globs of acid.
Your golden yellow scales are hard. (AC +11)
You cannot fit into any form of body armour.
You have acidic saliva.
You are cold-blooded and may be slowed by cold attacks.
You are resistant to acid. (rCorr)
Your muscles are strong. (Str +4, Int/Dex -1)
You are vulnerable to heat. (rF-)


Message History

Unknown command.
Casting: Fireball (safe; 1% risk of failure)
Confirm with . or Enter, or press ? or * to list all spells.
You don't have enough magic to cast this spell.
Unknown command.
Unknown command.
Things that are here:
a +0 great sword of flaming; a fire giant corpse The storm dragon breathes lightning at you.
The bolt of lightning hits you!!
* * * LOW HITPOINT WARNING * * *
You hear an angry growl.
You hear a bleat!
You hear two shouts!
You hear a shout! x2
You feel much better.
Aiming: Phantom Mirror
Press: ? - help, Dir - move target, f/p - storm dragon
Aim: a storm dragon (poison gas, lightly wounded, poisoned)
You reflect the storm dragon with the mirror!
The mirror clouds!
Your storm dragon is engulfed in poison gas.
Your storm dragon looks even sicker.
Your storm dragon barely misses the storm dragon.
Your storm dragon claws the storm dragon.
Your storm dragon tramples the storm dragon but does no damage.
The storm dragon is engulfed in poison gas.
The storm dragon looks even sicker.
The storm dragon breathes lightning at you.
The bolt of lightning hits you!
* * * LOW HITPOINT WARNING * * *
You hear a shout! x4
Your storm dragon is engulfed in poison gas.
Your storm dragon looks even sicker.
Your storm dragon bites the storm dragon but does no damage.
Your storm dragon claws the storm dragon.
Your storm dragon tramples the storm dragon but does no damage.
The storm dragon is engulfed in poison gas.
The storm dragon looks even sicker.
The storm dragon breathes lightning at you.
The bolt of lightning hits you!!
You die...

..........# #..?......
#########.# #.########
##.# #.# ######..#
#.####### .......D#
#...<.... ........#
#........ ........#
#........
#######.#+######+#.#######
#DD§§.@......#
###§######...# #..#
#...########
#.#######...##.....### ..
...........###.... ...
.......(..##⌠##... ....
...........#_#.... #####
#####.............
#.............


You could see a storm dragon (very poisoned, catching breath, ally target) and a
friendly storm dragon (summoned, very poisoned, drained).

Vanquished Creatures
  Mennas (Vaults:3)
  Bai Suzhen (Shoals:4)
  Arachne (Spider:3)
  Jorgrun (D:13)
  Rupert (D:12)
  Zenata (Vaults:3)
  A tentacled monstrosity (Depths:2)
  Asterion (Spider:2)
  3 krakens
  5 sphinxes
  Polyphemus (Shoals:3)
  The ghost of Ceuduph the Tortoise, an adept AtWn of Uskayaw (Shoals:3)
  An imperial myrmidon (Desolation)
  2 fire giants
  A frost giant (Vaults:4)
  Aizul (Depths:1)
  2 ghost moths (Spider:4)
  Louise (D:14)
  8 vault wardens
  A curse skull (Vaults:3)
  6 emperor scorpions (Spider:4)
  5 spectral caustic shrikes (Depths:1)
  An orc warlord (Vaults:3)
  8 ironbound preservers
  A spriggan defender (Depths:2)
  6 ironbound thunderhulks
  3 war gargoyles
  A stone giant (Vaults:4)
  8 very ugly things
  7 spark wasps
  A halazid warlock (Desolation)
  18 dire elephants
  3 ettins
  4 merfolk javelineers (Shoals:4)
  4 crystal guardians
  5 entropy weavers
  2 jiangshi (Depths:1)
  2 fire dragons
  10 merfolk impalers
  Josephine (D:11)
  9 ragged hierophants
  5 yaktaur captains
  5 vault guards
  2 deep elf high priests (Vaults:4)
  A spectral kraken (Shoals:3)
  Harold (D:11)
  15 servants of whispers (Desolation)
  Fannar (Orc:1)
  14 peacekeepers
  9 great orbs of eyes
  3 ice dragons
  A catoblepas (Shoals:3)
  8 centaur warriors
  A jorogumo (Spider:2)
  9 hydras
  2 radroaches
  3 alligator snapping turtles
  9 ironbound frosthearts
  2 demonspawn (Orc:2)
  7 merfolk avatars
  4 merfolk aquamancers
  6 two-headed ogres
  A tengu warrior (D:15)
  A death scarab (Depths:1)
  2 death yaks (Shoals:3)
  A deep troll shaman (Depths:2)
  8 boulder beetles
  3 vampire magi
  3 deep troll earth magi (Depths:2)
  5 orc high priests (Orc:2)
  A soul eater (Orc:2)
  Urug (Lair:1)
  Nergalle (D:12)
  2 fire crabs (Shoals:2)
  4 iron trolls
  6 pharaoh ants
  7 sea snakes
  5 skysharks
  A sixfirhy (Orc:2)
  A sun moth (Spider:1)
  A glowing orange brain (shapeshifter) (D:15)
  7 skeletal warriors
  A storm dragon skeleton (Vaults:2)
  30 deep trolls
  A glowing orange brain (Vaults:3)
  5 wizards
  A tengu zombie (Vaults:4)
  10 orb spiders
  A deep elf pyromancer (D:14)
  Pikel (D:5)
  5 steelbarb worms
  4 lindwurms
  A flayed ghost (Depths:1)
  3 necromancers
  9 orc knights
  27 ironbound convokers
  3 phantasmal warriors
  23 harpies
  20 ugly things
  10 cyclopes
  17 manticores
  7 orc sorcerers
  19 wolf spiders
  A spectral alligator snapping turtle (Shoals:3)
  2 fauns
  6 elephants (Lair:2)
  13 merfolk sirens
  A rust devil (Orc:2)
  A frost giant skeleton (Vaults:4)
  4 black mambas
  An apocalypse crab (Shoals:3)
  An eye of devastation (Lair:4)
  An ice statue (D:13)
  8 water nymphs
  A torpor snail (Spider:1)
  Joseph (Lair:1)
  4 guardian serpents (Desolation)
  Maurice (D:10)
  8 demonic crawlers
  An elf zombie (Vaults:4)
  10 vault sentinels
  3 gargoyles
  A rime drake (Lair:2)
  An unseen horror (D:9)
  A kobold demonologist (D:14)
  31 yaktaurs
  7 cane toads
  An unseen horror (shapeshifter) (D:14)
  5 komodo dragons
  3 spectral sea snakes (Shoals:3)
  A komodo dragon (shapeshifter) (D:15)
  2 tengu conjurers
  10 trolls
  A freezing wraith (D:15)
  10 wind drakes
  3 meliai (D:15)
  8 polar bears
  36 merfolk
  A hellwing (Orc:2)
  95 saltlings
  15 tarantellas
  4 hornets (Lair:5)
  8 dream sheep (Lair:5)
  5 blink frogs (Lair:3)
  An ettin zombie (Vaults:4)
  A raiju (shapeshifter) (D:14)
  52 slime creatures
  5 snapping turtles
  34 jumping spiders
  21 culicivoras
  15 spriggans
  Sigmund (D:4)
  A shadow (D:10)
  8 wraiths
  2 fire bats (Shoals:2)
  A wyvern (Lair:3)
  2 vampires (D:12)
  17 water elementals
  30 yaks
  4 basilisks
  A steam dragon (D:8)
  7 vampire mosquitoes
  Edmund (D:5)
  47 redbacks
  2 wargs
  Menkaure (D:4)
  An acid dragon (D:9)
  2 human skeletons
  2 floating eyes
  A spectral snapping turtle (Shoals:3)
  6 water moccasins
  34 orc warriors
  7 black bears
  A deep troll simulacrum (Vaults:2)
  An ice beast (D:5)
  32 wolves
  7 ogres
  4 boggarts (Lair:5)
  3 lemures (D:5)
  12 centaurs
  2 phantoms
  3 kobold brigands
  12 bullfrogs
  Blork the orc (D:4)
  2 gnoll sergeants
  3 scorpions
  5 wights (D:8)
  A human simulacrum (Vaults:2)
  11 killer bees
  6 electric eels (D:13)
  4 jellies
  3 hounds
  21 orc priests
  Natasha (D:1)
  An iguana (D:6)
  11 orc wizards
  4 hell rats (Lair:3)
  8 mummies (Ossuary)
  Robin (D:2)
  20 gnolls
  11 adders
  2 river rats (D:3)
  A shadow imp (D:6)
  An ufetubus (D:5)
  2 worms
  68 orcs
  12 ball pythons
  10 endoplasms
  17 giant cockroaches
  19 goblins
  12 hobgoblins
  7 quokkas
  6 bats
  7 frilled lizards
  2 gnoll zombies (Ossuary)
  2 hobgoblin zombies (Ossuary)
  15 kobolds
  3 kobold zombies (Ossuary)
  An orc zombie (Ossuary)
  12 rats
  2 rat zombies (D:5)
  9 tentacles
1532 creatures vanquished.

Vanquished Creatures (collateral kills)
  Snorg (D:14)
  3 meliai (D:14)
4 creatures vanquished.

Vanquished Creatures (others)
  53 fungi
  118 plants
  21 tentacles
  3 withered plants (Desolation)
195 creatures vanquished.

Grand Total: 1731 creatures vanquished

Notes
Turn   | Place    | Note
-------+----------+-------------------------------------------
     0 | D:1      | oldriver the Draconian Ice Elementalist began the quest for
                  | the Orb.
     0 | D:1      | Reached XP level 1. HP: 14/14 MP: 3/3
   153 | D:1      | Found Bypnawn's General Store.
   227 | D:1      | Reached XP level 2. HP: 22/22 MP: 5/5
   245 | D:1      | Reached skill level 1 in Fighting
  1174 | D:1      | Identified a scroll of acquirement
  1174 | D:1      | Acquired the ring of Equivalence {rPois Str+3 Dex+4}
  1184 | D:2      | Noticed Natasha
  1202 | D:1      | Killed Natasha
  1203 | D:1      | Reached XP level 3. HP: 7/29 MP: 1/7
  1369 | D:2      | Learned a level 3 spell: Frozen Ramparts
  1515 | D:2      | Reached XP level 4. HP: 35/36 MP: 4/8
  1780 | D:2      | Noticed Robin
  1789 | D:2      | Killed Robin
  1890 | D:2      | Reached skill level 5 in Ice Magic
  1920 | D:2      | Learned a level 3 spell: Ozocubu's Armour
  2116 | D:3      | Reached XP level 5. HP: 41/42 MP: 5/9
  2256 | D:3      | Found a glowing drain.
  2291 | Sewer    | Entered a sewer
  2785 | Sewer    | Reached XP level 6. HP: 51/51 MP: 5/11
  3672 | D:4      | Noticed Menkaure
  3680 | D:4      | Killed Menkaure
  3795 | D:4      | Noticed Sigmund
  3802 | D:4      | Killed Sigmund
  3803 | D:4      | Your scales start taking on a golden yellow colour.
  3803 | D:4      | Reached XP level 7. HP: 53/59 MP: 8/13
  3803 | D:4      | Gained mutation: You are resistant to acid. (rCorr) [Yellow
                  | Draconian growth]
  3887 | D:4      | Found a staircase to the Ecumenical Temple.
  3910 | Temple   | Entered the Ecumenical Temple
  4084 | Temple   | Became a worshipper of Vehumet
  4216 | D:4      | Noticed Blork the orc
  4244 | D:4      | Killed Blork the orc
  4730 | D:4      | Found a glowing silver altar of Zin.
  5661 | D:5      | Entered Level 5 of the Dungeon
  5661 | D:5      | Noticed Pikel
  5682 | D:5      | Reached XP level 8. HP: 49/67 MP: 5/15
  5684 | D:5      | Reached skill level 5 in Fighting
  5684 | D:5      | Killed Pikel
  5685 | D:5      | Reached skill level 5 in Spellcasting
  5841 | D:5      | Reached * piety under Vehumet
  5841 | D:5      | Offered knowledge of Sandblast by Vehumet.
  5976 | D:5      | Found an ornate altar of the Wu Jian Council.
  6066 | D:5      | Noticed Edmund
  6075 | D:5      | Killed Edmund
  6274 | D:5      | Found a sand-covered staircase.
  6291 | Ossuary  | Entered an ossuary
  6503 | Ossuary  | Reached XP level 9. HP: 73/79 MP: 15/18
  6940 | D:5      | Learned a level 5 spell: Fireball
  7299 | D:6      | Offered knowledge of Searing Ray by Vehumet.
  7332 | D:6      | Learned a level 2 spell: Searing Ray
  7371 | D:6      | Reached ** piety under Vehumet
  7456 | D:6      | Reached skill level 1 in Conjurations
  7456 | D:6      | Reached skill level 1 in Fire Magic
  8144 | D:6      | Found a runed translucent door.
  8145 | D:6      | Noticed Crazy Yiuf
  9418 | D:8      | Noticed a two-headed ogre
  9428 | D:8      | Killed a two-headed ogre
  9537 | D:8      | Found Birphok's Antique Weapon Emporium.
  9588 | D:8      | Reached skill level 5 in Conjurations
  9919 | D:8      | Reached XP level 10. HP: 88/88 MP: 11/22
  9984 | D:8      | Found Poqe's Armour Emporium.
 10118 | D:8      | Found Wosagim's Weapon Emporium.
 10382 | D:9      | Noticed a two-headed ogre
 10389 | D:9      | Killed a two-headed ogre
 10464 | D:9      | Found a hide-covered altar of Uskayaw.
 10466 | D:9      | Found a shimmering blue altar of Sif Muna.
 10469 | D:9      | Found a shadowy altar of Dithmenos.
 10474 | D:9      | Found an iron altar of Okawaru.
 10476 | D:9      | Found a sparkling altar of Nemelex Xobeh.
 10477 | D:9      | Found a shimmering altar of Xom.
 10479 | D:9      | Found a broken altar of Ashenzari.
 10483 | D:9      | Found a hazy altar of Hepliaklqana.
 10484 | D:9      | Found a snail-covered altar of Cheibriados.
 10651 | D:9      | Offered knowledge of Poisonous Vapours by Vehumet.
 11279 | D:10     | Entered Level 10 of the Dungeon
 11333 | D:10     | Noticed Maurice
 11344 | D:10     | Killed Maurice
 11366 | D:10     | Reached skill level 2 in Fire Magic
 11647 | D:10     | Found a staircase to the Lair.
 12296 | D:10     | Noticed a two-headed ogre
 12306 | D:10     | Killed a two-headed ogre
 12306 | D:10     | Reached *** piety under Vehumet
 12307 | D:10     | Reached skill level 3 in Fire Magic
 12595 | Lair:1   | Entered Level 1 of the Lair of Beasts
 12736 | Lair:1   | Reached XP level 11. HP: 95/95 MP: 8/23
 12936 | Lair:1   | Noticed Urug
 12955 | Lair:1   | Killed Urug
 12956 | Lair:1   | Reached skill level 4 in Fire Magic
 13130 | Lair:1   | Noticed Joseph
 13138 | Lair:1   | Killed Joseph
 13810 | Lair:2   | Offered knowledge of Olgreb's Toxic Radiance by Vehumet.
 13812 | Lair:2   | Reached skill level 5 in Fire Magic
 14138 | Lair:2   | Reached skill level 10 in Fighting
 14594 | Lair:2   | Reached skill level 6 in Fire Magic
 14707 | Lair:2   | Reached skill level 10 in Spellcasting
 14712 | Lair:2   | Reached skill level 7 in Fire Magic
 14932 | Lair:2   | Found a hole to the Spider Nest.
 14938 | Lair:2   | Learned a level 4 spell: Olgreb's Toxic Radiance
 14948 | Lair:2   | Learned a level 3 spell: Ignite Poison
 14957 | Lair:2   | Learned a level 8 spell: Ignition
 15091 | Lair:2   | Reached **** piety under Vehumet
 15093 | Lair:2   | Reached skill level 1 in Poison Magic
 15095 | Lair:2   | Reached skill level 8 in Fire Magic
 15095 | Lair:2   | Reached XP level 12. HP: 106/106 MP: 18/26
 15095 | Lair:2   | Offered knowledge of Kindle Blastsparks by Vehumet.
 15675 | Lair:3   | Found a staircase to the Shoals.
 15741 | Lair:3   | Reached skill level 5 in Poison Magic
 16014 | Lair:3   | Noticed an eight-headed hydra
 16019 | Lair:3   | Killed an eight-headed hydra
 16120 | Lair:2   | Upgraded the game from 0.30-a0-883-g5ad918d77d to
                  | 0.30-a0-918-g0ff054e9dc
 17594 | Lair:4   | Found a staircase to the Slime Pits.
 17598 | Lair:4   | Paralysed by a floating eye for 3 turns
 17599 | Lair:4   | Noticed a five-headed hydra
 18126 | Lair:4   | Reached skill level 9 in Fire Magic
 18667 | Lair:4   | Killed a five-headed hydra
 18801 | Lair:4   | Noticed a five-headed hydra
 18806 | Lair:4   | Killed a five-headed hydra
 19360 | Lair:5   | Entered Level 5 of the Lair of Beasts
 19360 | Lair:5   | Noticed a four-headed hydra
 19367 | Lair:5   | Killed a four-headed hydra
 19683 | Lair:5   | Reached XP level 13. HP: 116/116 MP: 19/28
 19882 | Lair:5   | Reached ***** piety under Vehumet
 19887 | Lair:5   | Offered knowledge of Freezing Cloud by Vehumet.
 20433 | Lair:5   | Found a runed translucent gate.
 20433 | Lair:5   | Found a runed translucent gate.
 20433 | Lair:5   | Found a runed translucent gate.
 20455 | Lair:5   | Reached skill level 10 in Fire Magic
 21285 | Lair:5   | Reached skill level 1 in Shields
 21532 | Lair:5   | Got the Almanac of Damaging Displacement
 22644 | Lair:5   | Noticed Jackthecabe's ghost (journeyman KoHs)
 23098 | D:10     | Learned a level 4 spell: Flame Wave
 23874 | D:11     | Found a runed translucent gate.
 23874 | D:11     | Found a runed translucent gate.
 23874 | D:11     | Found a runed translucent gate.
 23878 | D:11     | Noticed petzl's ghost (novice FoDe)
 23997 | D:11     | Acquired the staff of fire "Zoacs" {rF+ rN+}
 24124 | D:11     | Noticed Josephine
 24130 | D:11     | Killed Josephine
 24131 | D:11     | Reached skill level 5 in Dodging
 24152 | D:11     | Noticed Harold
 24166 | D:11     | Killed Harold
 24907 | D:11     | Noticed a fenstrider witch
 25086 | D:11     | Noticed an eleionoma
 25339 | D:12     | Noticed Nergalle
 25623 | D:12     | Noticed Rupert
 25738 | D:12     | Killed Nergalle
 25888 | D:12     | Found a staircase to the Orcish Mines.
 25890 | D:12     | Found Jushras's Weapon Shop.
 25901 | Orc:1    | Entered Level 1 of the Orcish Mines
 25901 | Orc:1    | You fall into a shaft and drop 1 floor!
 25901 | Orc:2    | Entered Level 2 of the Orcish Mines
 25977 | Orc:2    | Found Tean's Assorted Antiques.
 25979 | Orc:2    | Offered knowledge of Irradiate by Vehumet.
 25981 | Orc:2    | Found Owataryi's Book Shoppe.
 26044 | Orc:2    | Learned a level 5 spell: Irradiate
 26179 | Orc:2    | Reached skill level 11 in Fire Magic
 26786 | Orc:2    | Gained mutation: You have acidic saliva. [Yellow Draconian
                  | growth]
 26786 | Orc:2    | Reached XP level 14. HP: 126/126 MP: 6/30
 27057 | Orc:2    | Found Resu's General Store.
 27388 | Orc:2    | Found Buedgh's General Store.
 28182 | Orc:2    | Reached skill level 1 in Evocations
 28496 | Orc:2    | Found Etyuf Saim's Antique Armour Shop.
 28496 | Orc:2    | Found Ihaiteph's Jewellery Boutique.
 28497 | Orc:2    | Found a one-way gate leading to the halls of Pandemonium.
 28501 | Orc:2    | Bought the ring "Fyzyt" {+Blink Int+6 Dex+6 Stlth+} for 784
                  | gold pieces
 28535 | Orc:2    | Bought an amulet of magic regeneration for 450 gold pieces
 28535 | Orc:2    | Bought a scroll of blinking for 112 gold pieces
 28580 | Orc:2    | Found Gugget's Armour Shop.
 28607 | Orc:2    | Found a staircase to the Elven Halls.
 28981 | Orc:1    | Noticed Fannar
 28985 | Orc:1    | Killed Fannar
 29459 | Orc:1    | Reached skill level 12 in Fire Magic
 29689 | D:12     | Paralysed by Rupert for 5 turns
 29695 | D:12     | Killed Rupert
 29953 | Spider:1 | Entered Level 1 of the Spider Nest
 30032 | Lair:2   | HP: 5/122 [pharaoh ant (28)]
 30410 | Lair:2   | Offered knowledge of Plasma Beam by Vehumet.
 30435 | Lair:2   | Learned a level 5 spell: Plasma Beam
 30621 | Spider:1 | Found a runed translucent door.
 30624 | Spider:1 | Noticed demibob's ghost (adept HOWn)
 30858 | Spider:1 | Reached XP level 15. HP: 132/132 MP: 6/32
 31407 | Spider:1 | Reached skill level 10 in Conjurations
 31927 | Spider:2 | Reached skill level 13 in Fire Magic
 32148 | Spider:2 | Identified the +6 mace of Death's Door {freeze, rC+ Will+}
 32393 | Spider:2 | Noticed Asterion
 32919 | Spider:3 | Noticed Arachne
 32944 | Spider:3 | Killed Arachne
 33311 | Spider:3 | Offered knowledge of Ozocubu's Refrigeration by Vehumet.
 33559 | Spider:3 | Reached skill level 14 in Fire Magic
 33559 | Spider:3 | Noticed Mara
 33912 | Spider:3 | Noticed oldriver's illusion
 34452 | Shoals:1 | Entered Level 1 of the Shoals
 35321 | Shoals:1 | Acquired the staff of fire "Wysanom" {Drain rF+ rC++ rN+
                  | SInv}
 35602 | Shoals:2 | Reached skill level 15 in Fire Magic
 35610 | Shoals:2 | Reached XP level 16. HP: 120/144 MP: 12/34
 35751 | Shoals:2 | Found Ewahilix's Magic Scroll Shoppe.
 35794 | Shoals:2 | Offered knowledge of Yara's Violent Unravelling by Vehumet.
 36086 | Shoals:2 | Learned a level 7 spell: Orb of Destruction
 36195 | Shoals:2 | Found Qoh Peac's General Store.
 36303 | Shoals:2 | Found Ubiodir's Assorted Antiques.
 36319 | Shoals:2 | Found Sapn's Weapon Emporium.
 36320 | Shoals:2 | Identified the +9 short sword of the Uplifting Viper {vamp,
                  | rPois rN+ Str+2 Stlth-}
 36425 | Shoals:2 | Found Yppunlarph's Weapon Emporium.
 36487 | Shoals:2 | Bought a scroll of enchant armour for 142 gold pieces
 36700 | Shoals:3 | Found a transporter.
 36702 | Shoals:3 | Found a transporter.
 36703 | Shoals:3 | Noticed Ceuduph's ghost (adept AtWn)
 36872 | Shoals:3 | Noticed Polyphemus
 36885 | Shoals:3 | Killed Polyphemus
 36960 | Shoals:3 | Noticed a kraken
 37273 | Shoals:3 | Noticed a kraken
 37392 | Shoals:3 | Reached skill level 5 in Shields
 37437 | Shoals:3 | Killed a kraken
 37585 | Shoals:3 | Killed a kraken
 37755 | Shoals:4 | Entered Level 4 of the Shoals
 38606 | Shoals:4 | Reached skill level 16 in Fire Magic
 38631 | Shoals:4 | Noticed a kraken
 38638 | Shoals:4 | Killed a kraken
 38937 | Shoals:4 | Offered knowledge of Spellforged Servitor by Vehumet.
 39046 | Shoals:4 | Reached XP level 17. HP: 108/152 MP: 29/35
 39143 | Shoals:4 | Noticed Bai Suzhen
 39152 | Shoals:4 | Killed Bai Suzhen
 39458 | Shoals:4 | Reached skill level 15 in Spellcasting
 39860 | Shoals:4 | Got a barnacled rune of Zot
 39964 | Shoals:3 | Killed Ceuduph's ghost
 40086 | Shoals:3 | Identified the ring "Plog" {Fire Will+ rCorr}
 40374 | Spider:2 | Killed Asterion
 40375 | Spider:2 | Gained mutation: You sometimes lose your temper in combat.
                  | [mutagenic glow]
 40426 | Spider:2 | Lost mutation: You sometimes lose your temper in combat.
                  | [potion of mutation]
 40426 | Spider:2 | Gained mutation: You are frail. (-10% HP) [potion of
                  | mutation]
 40426 | Spider:2 | Gained mutation: You are vulnerable to cold. (rC-) [potion
                  | of mutation]
 40426 | Spider:2 | Gained mutation: Your muscles are strong. (Str +4, Int/Dex
                  | -1) [potion of mutation]
 40427 | Spider:2 | Lost mutation: You are vulnerable to cold. (rC-) [potion of
                  | mutation]
 40427 | Spider:2 | Lost mutation: You are frail. (-10% HP) [potion of
                  | mutation]
 40427 | Spider:2 | Gained mutation: You are vulnerable to heat. (rF-) [potion
                  | of mutation]
 40611 | Spider:3 | Noticed oldriver's illusion
 40725 | Spider:3 | Noticed oldriver's illusion
 40893 | Spider:4 | Entered Level 4 of the Spider Nest
 41143 | Spider:4 | Reached skill level 5 in Evocations
 41541 | Spider:4 | Identified the +1 robe of Nitai {Str+2}
 42119 | Spider:4 | Offered knowledge of Maxwell's Capacitive Coupling by
                  | Vehumet.
 42517 | Spider:4 | Got a gossamer rune of Zot
 42930 | Orc:2    | Bought a scroll of teleportation for 51 gold pieces
 42930 | Orc:2    | Bought a scroll of teleportation for 51 gold pieces
 42930 | Orc:2    | Bought a scroll of enchant armour for 127 gold pieces
 44011 | D:13     | Noticed Jorgrun
 44014 | D:13     | Killed Jorgrun
 44015 | D:13     | Reached skill level 15 in Fighting
 44456 | D:13     | Found a runed translucent door.
 44660 | D:13     | Found a hide-covered altar of Uskayaw.
 45048 | D:14     | Noticed Snorg
 45054 | D:14     | Killed Snorg
 45076 | D:14     | Reached XP level 18. HP: 84/163 MP: 12/37
 45473 | D:14     | Reached ****** piety under Vehumet
 45704 | D:14     | Noticed Louise
 45707 | D:14     | Killed Louise
 45999 | D:14     | Found a gate to the Vaults.
 46108 | D:15     | Entered Level 15 of the Dungeon
 46169 | D:15     | Offered knowledge of Fire Storm by Vehumet.
 46169 | D:15     | Offered knowledge of Shatter by Vehumet.
 46169 | D:15     | Offered knowledge of Chain Lightning by Vehumet.
 46655 | D:15     | Found Qoguh's Demolitions Depot.
 46735 | D:15     | Reached skill level 17 in Fire Magic
 46868 | D:15     | Found a staircase to the Depths.
 46922 | D:15     | Learned a level 9 spell: Fire Storm
 46975 | Vaults:1 | Entered Level 1 of the Vaults
 47379 | Vaults:1 | Found Offofah's Antique Armour Shoppe.
 49162 | Vaults:2 | Reached skill level 10 in Dodging
 49355 | Vaults:2 | Reached XP level 19. HP: 113/172 MP: 23/39
 50456 | Vaults:2 | Reached skill level 18 in Fire Magic
 50958 | Vaults:3 | Identified the +10 mace of Suicidal Tendencies {pain, rElec
                  | rN+ Int-5}
 50988 | Vaults:3 | Reached skill level 10 in Evocations
 51450 | Vaults:3 | Noticed Zenata
 51452 | Vaults:3 | Noticed Mennas
 51462 | Vaults:3 | Killed Zenata
 51469 | Vaults:3 | Killed Mennas
 52180 | Vaults:3 | Found Ditase Kuic's Distillery.
 52188 | Vaults:3 | Bought a potion of curing for 42 gold pieces
 52188 | Vaults:3 | Bought a potion of heal wounds for 70 gold pieces
 52188 | Vaults:3 | Bought a potion of curing for 42 gold pieces
 52892 | Vaults:3 | Found a staircase to the Crypt.
 53286 | Vaults:4 | Found a crumbling gateway.
 53360 | Desolati | Entered the Desolation of Salt
 54040 | Desolati | Reached XP level 20. HP: 185/185 MP: 21/41
 55063 | Desolati | Got Caonuang's Tractate on Bewitchment
 55066 | Desolati | Identified the +4 war axe of Gog Ritt {freeze, rN+ Will+}
 55216 | Desolati | Identified the ring of Ryloove {Str+4 Dex+6}
 55704 | Desolati | Got Gecsyeg's Tome of the Geodesic
 55835 | Desolati | Identified the +0 pearl dragon scales of Vintenno {rN+
                  | Int+3 Dex+2}
 56020 | Desolati | Identified the ring of Tonex {rC++ Dex+6}
 56398 | Desolati | Identified the staff of death "Gunez" {rC++ rN+ Str-5
                  | Dex+2}
 56784 | Vaults:4 | Reached skill level 19 in Fire Magic
 56837 | Vaults:4 | Learned a level 4 spell: Iskenderun's Mystic Blast
 58641 | Depths:1 | Entered Level 1 of the Depths
 58840 | Depths:1 | Noticed Aizul
 59280 | Depths:1 | Killed Aizul
 59417 | Depths:1 | Found a one-way gate to the infinite horrors of the Abyss.
 59666 | Depths:1 | Found a gateway to Hell.
 59719 | Depths:1 | Found a hazy altar of Hepliaklqana.
 59788 | Depths:1 | Found Ymenublu's Book Shop.
 59788 | Depths:1 | Found Woobeurr's Jewellery Emporium.
 59789 | Depths:1 | Found Impoustra's Jewellery Emporium.
 59924 | Depths:1 | Bought the ring "Unueceut" {rPois rF+++ rC- AC+4 SInv} for
                  | 1191 gold pieces
 59936 | Depths:1 | Learned a level 7 spell: Ozocubu's Refrigeration
 59972 | Depths:2 | Reached XP level 21. HP: 194/194 MP: 41/43
 60224 | Depths:2 | Found a one-way gateway to a ziggurat.
 60336 | Depths:2 | Found Zin's Purification Station.
 60338 | Depths:2 | Found a glowing silver altar of Zin.
 60347 | Depths:2 | Bought a potion of curing for 90 gold pieces
 60459 | Depths:2 | Paralysed by a floating eye for 3 turns
 60478 | Depths:2 | Killed from afar by a storm dragon

Illustrated notes

Levels and vault maps discovered:
D:1:      arrival_zaba_pyramid, layout_basic, serial_shops,
          nicolae_shop_competitors_out_of_business
D:2:      layout_rooms, kennysheep_generic_room_14, uniq_robin, uniq_natasha
D:3:      layout_loops_ring, portal_sewer_entry_b
D:4:      layout_loops_corners, kennysheep_mini_moat,
          minmay_temple_entry_statues_fountains, uniq_blork_the_orc,
          uniq_sigmund, uniq_menkaure
D:5:      layout_loops_ring, mainiacjoe_overflow_boulevard, enter_ossuary_4,
          uniq_edmund, uniq_pikel
D:6:      layout_loops_ring, uniq_crazy_yiuf_cottage
D:7:      layout_loops_ring
D:8:      layout_cave_pools, serial_shops,
          nicolae_shop_competitors_out_of_business,
          nicolae_shop_bloodbath_and_beyond, nicolae_square_shop
D:9:      layout_loops_ring, nicolae_overflow_hallway_of_the_gods
D:10:     layout_stronghold, dpeg_oklobed_lair, uniq_maurice
D:11:     layout_basic, gammafunk_ghost_split, uniq_harold, uniq_josephine
D:12:     layout_roguey, orc_david_3, kennysheep_kite_vault, uniq_rupert,
          uniq_nergalle
D:13:     lemuel_ice_statue, layout_basic, nicolae_danse_macabre, uniq_jorgrun
D:14:     layout_gridville, david_vaults_4, infiniplex_staircase_pillars_3a,
          nicolae_splish_splash, uniq_snorg, uniq_louise
D:15:     grunt_enter_depths_hoard, layout_basic, solitary_fountain,
          nicolae_blasting_shop
Temple:   minmay_temple_curvy_loop
Lair:1:   layout_roguey, uniq_joseph, uniq_urug
Lair:2:   layout_small_grid, nicolae_spider_entry_tight_spaces,
          portal_ice_cave_entry_pillars_2, lemuel_fruit_tree
Lair:3:   beast_lair_carwin_large_1, layout_chaotic_city,
          elwin_shoals_entry_stream
Lair:4:   layout_layer_cave, minmay_slime_entry_eyes
Lair:5:   minmay_lair_end_enchanted_forest, layout_regular_city,
          gammafunk_ghost_icy, serial_bayou_pond_e, minmay_lair_oklob_bushes,
          chequers_serial_rivers_marsh
Shoals:1: layout_shoals
Shoals:2: layout_shoals, serial_shops, nicolae_take_the_stairs,
          nicolae_shop_competitors_out_of_business, nicolae_shop_waterfront,
          nicolae_lakefront_shop, nicolae_stop_n_shop_1, hangedman_shoal_volcano
Shoals:3: dreamdust_from_the_deep, layout_shoals, ebering_ghost_davey_jones,
          uniq_polyphemus
Shoals:4: shoals_end_hangedman, layout_shoals, nicolae_shoals_mertower,
          uniq_bai_suzhen
Spider:1: layout_chambers, ebering_ghost_inner_flame, hangedman_spider_mandibles
Spider:2: layout_spider_delve, uniq_asterion
Spider:3: layout_cave_pods, uniq_arachne, uniq_mara
Spider:4: grunt_spider_rune_circles
Orc:1:    layout_caves, uniq_fannar
Orc:2:    pf_orc_diabolical, layout_caves, serial_shops,
          nicolae_shop_statue_plus, nicolae_square_shop, nicolae_shop_waterfront
Vaults:1: ontoclasm_vaults_twist, ontoclasm_vaults_tryst, grunt_vaults_swirl,
          nicolae_vaults_big_angled_halls, grunt_vaults_bifocal,
          nicolae_vaults_rhombus_7, vaults_dpeg_doors, v_misc_13,
          grunt_vaults_funnel, v_misc_16, vaults_dpeg_ring,
          vaults_room_semicircle, hangedman_vaults_corner,
          nicolae_vaults_shelves_hall, layout_vaults_omnibox, serial_shops,
          shop_statue
Vaults:2: vaults_dpeg_cross, nicolae_vaults_arrows, ontoclasm_vaults_shout,
          grunt_vaults_trifunnel, vaults_mumra_chevron_long,
          layout_vaults_quadrants
Vaults:3: nicolae_vaults_minivaults, hangedman_vaults_maws,
          nicolae_vaults_little_ls, minmay_crypt_entry_simple_walls,
          vaults_room_boxed, ontoclasm_vaults_ring_square,
          nicolae_vaults_puzzle_piece, ontoclasm_vaults_ring_large,
          nicolae_vaults_three_branches, vaults_room_semicircle,
          nicolae_vaults_shelves_hall, nicolae_vaults_gold_heap,
          vaults_dpeg_encased_lava, layout_vaults_big_cross, serial_shops, shop,
          uniq_zenata, uniq_mennas
Vaults:4: portal_desolation_entry_nicolae_nacl, vaults_room_stairs_pillars,
          ontoclasm_vaults_bender, vaults_dpeg_spiral, v_alt_pattern_3,
          v_misc_11, nicolae_vaults_quadrants, vaults_mumra_minichess_inversion,
          grunt_vaults_hallway_long, ontoclasm_vaults_gateway,
          nicolae_vaults_rhombus_7, hangedman_vaults_impose,
          nicolae_vaults_little_squares_1, layout_vaults_ring
Depths:1: layout_big_octagon, abyss_entry_small_statue_room,
          pf_hell_entry_tar_river, nicolae_hepliaklqana_hazy_memory,
          hellmonk_scarab_ruin, roderic_lattice_octagonal_star,
          minmay_shop_grove, uniq_aizul
Depths:2: minmay_connected_boxes_in_corner, layout_long_grid, enter_ziggurat_b,
          grunt_pan_entry_in_and_out, nicolae_eternal_life, hell_entry,
          kennysheep_flooded_box, zin_purify, infiniplex_staircase_pool_2

Skill      XL: |  1  2  3  4  5  6  7  8  9 10 11 12 13 14 15 16 17 18 19 20 21 |
---------------+----------------------------------------------------------------+-----
Fighting       | 1 2 3 4 7 8 10 11 12 13 14 15 16 17 18 | 18.0
Spellcasting   | 3 4 6 8 10 11 12 13 14 15 16 17 18 | 18.5
Ice Magic      | 5 6 7 8 |  8.5
Stealth        | 2 4 |  4.0
Dodging        | 2 3 4 5 6 8 10 | 10.0
Conjurations   | 5 8 9 10 11 12 13 | 13.0
Fire Magic     | 1 3 8 9 11 12 15 16 17 18 19 | 19.8
Poison Magic   | 1 6 |  6.0
Shields        | 4 5 |  5.0
Evocations     | 4 6 9 11 12 | 12.0

Action                     |  1- 3 |  4- 6 |  7- 9 | 10-12 | 13-15 | 16-18 | 19-21 || total
---------------------------+-------+-------+-------+-------+-------+-------+-------++-------
  Melee: Unarmed           |    10 |       |       |       |       |       |       ||    10
         Tailslap          |     2 |     3 |    20 |    17 |    16 |    37 |    21 ||   116
         Whip              |     7 |    59 |   123 |    50 |    10 |       |       ||   249
         Punch             |       |       |       |     1 |       |       |       ||     1
         Staff             |       |       |       |       |    71 |   118 |    64 ||   253
         Bite              |       |       |       |       |     6 |    22 |    10 ||    38
  Throw: Dart              |       |       |     2 |       |       |       |       ||     2
   Cast: Freeze            |    48 |    87 |    64 |       |       |       |       ||   199
         Frozen Ramparts   |       |     7 |    34 |    28 |       |       |       ||    69
         Ozocubu's Armour  |       |       |     7 |    14 |       |       |       ||    21
         Searing Ray       |       |       |    32 |    49 |     3 |       |       ||    84
         Fireball          |       |       |       |    37 |   256 |   401 |   335 ||  1029
         Olgreb's Toxic Ra |       |       |       |    61 |   249 |   133 |    34 ||   477
         Ignite Poison     |       |       |       |    62 |   245 |   109 |    42 ||   458
         Irradiate         |       |       |       |       |    19 |    18 |    10 ||    47
         Plasma Beam       |       |       |       |       |     5 |    13 |    15 ||    33
         Flame Wave        |       |       |       |       |     3 |       |       ||     3
         Ignition          |       |       |       |       |       |    81 |   118 ||   199
         Orb of Destructio |       |       |       |       |       |     9 |    48 ||    57
         Iskenderun's Myst |       |       |       |       |       |       |     1 ||     1
Ability: Breathe Acid      |       |       |       |     1 |     1 |       |     3 ||     5
  Evoke: Wand              |       |     2 |     1 |    14 |     5 |     5 |       ||    27
         Condenser vane    |       |       |       |       |       |     2 |     4 ||     6
         Lightning rod     |       |       |       |       |       |     1 |     3 ||     4
         Phantom mirror    |       |       |       |       |       |     1 |     2 ||     3
         Box of beasts     |       |       |       |       |       |     1 |       ||     1
         Tin of tremorston |       |       |       |       |       |     2 |     2 ||     4
    Use: Scroll            |     2 |     3 |     7 |    13 |    12 |     9 |     9 ||    55
         Potion            |     1 |       |       |     5 |     5 |     3 |    10 ||    24
   Stab: Sleeping          |       |       |     1 |       |       |       |       ||     1
         Paralysed         |       |       |       |     5 |       |       |       ||     5
         Distracted        |       |       |       |       |       |     2 |       ||     2
 Armour: Skin              |    14 |    59 |    90 |    92 |   163 |   121 |   109 ||   648
  Dodge: Dodged            |    41 |    73 |   118 |   107 |   236 |   217 |   144 ||   936
  Block: Other             |       |       |    43 |    65 |     9 |       |       ||   117
         Reflection        |       |       |     5 |     1 |     8 |       |       ||    14
         Buckler           |       |       |       |       |   124 |    97 |    64 ||   285

Table legend: (Time is in decaauts)
 A = Elapsed time spent in this place.
 B = Non-inter-level travel time spent in this place.
 C = Inter-level travel time spent in this place.
 D = Time resting spent in this place.
 E = Time spent auto-exploring this place.
 F = Levels seen in this place.
 G = Mean time per level.
                   A        B        C        D        E       F      G
               +--------+--------+--------+--------+--------+-----+--------+
         Total |  61293 |  58263 |   3030 |  12720 |  35701 |  40 | 1532.3 |
       Dungeon |  18748 |  17712 |   1036 |   2718 |  12484 |  15 | 1249.9 |
        Temple |    289 |    224 |     65 |      0 |    219 |   1 |  289.0 |
          Lair |  11399 |  10949 |    450 |   2357 |   7058 |   5 | 2279.8 |
        Shoals |   6069 |   5649 |    420 |   1375 |   3143 |   4 | 1517.2 |
   Spider Nest |   6439 |   6018 |    421 |   1680 |   3294 |   4 | 1609.8 |
  Orcish Mines |   3951 |   3776 |    175 |   1019 |   2102 |   2 | 1975.5 |
        Vaults |   8503 |   8135 |    368 |   2369 |   4515 |   4 | 2125.8 |
        Depths |   1443 |   1352 |     91 |    108 |    961 |   2 |  721.5 |
         Sewer |    878 |    878 |      0 |     78 |    587 |   1 |  878.0 |
       Ossuary |    381 |    381 |      0 |      0 |    249 |   1 |  381.0 |
    Desolation |   3189 |   3189 |      0 |   1016 |   1087 |   1 | 3189.0 |
               +--------+--------+--------+--------+--------+-----+--------+

Top non-repeatable levels by time:
   Orc:2: 3343 daAuts
Desolation: 3189 daAuts
  Lair:5: 2902 daAuts
  Lair:2: 2600 daAuts
  Lair:4: 2578 daAuts
Vaults:3: 2354 daAuts
Shoals:3: 2146 daAuts
Vaults:2: 2141 daAuts
Vaults:4: 2032 daAuts
    D:11: 2016 daAuts
Vaults:1: 1974 daAuts
  Lair:3: 1902 daAuts
Spider:4: 1785 daAuts
    D:10: 1710 daAuts
Spider:1: 1682 daAuts
